 Dungeon Crawl Stone Soup version 0.29-a0-414-g5075937ec3 (webtiles) character file.

Game seed: 5517591305060157065

263 Zdeegee the Gusty (level 6, 0/34 HPs)
             Began as a Tengu Air Elementalist on May 16, 2022.
             Was an Initiate of Vehumet.
             Killed by nerve-wracking pain
             ... invoked by Menkaure
              (10 damage)
             ... on level 4 of the Dungeon.
             The game lasted 00:08:15 (3638 turns).

Zdeegee the Gusty (Tengu Air Elementalist)          Turns: 3638, Time: 00:08:16

Health: 0/34       AC:  2    Str:  8    XL:     6   Next: 19%
Magic:  3/11       EV: 15    Int: 18    God:    Vehumet [......]
Gold:   229        SH:  0    Dex: 14    Spells: 4/10 levels left

rFire   . . .      SeeInvis .   n - +2 dagger (vamp)
rCold   . . .      Faith    .   k - orb {light}
rNeg    . . .      Spirit   .   y - +0 robe
rPois   .          Reflect  .   (helmet restricted)
rElec   .          Harm     .   (no cloak)
rCorr   .          Rampage  .   (no gloves)
Will    .....                   (boots unavailable)
Stlth   +.........              p - amulet of magic regeneration
HPRegen 0.11/turn               (no ring)
MPRegen 0.52/turn               (no ring)

@: flying quickly and evasively, very slightly contaminated, glowing, quick
A: beak, talons 3, nimble flight
a: Renounce Religion


You were on level 4 of the Dungeon.
You worshipped Vehumet.
Vehumet was noncommittal.
You visited 2 branches of the dungeon, and saw 5 of its levels.

You collected 229 gold pieces.

Inventory:

Hand Weapons
 d - a +0 short sword
 g - a +1 short sword of holy wrath
 n - a +2 vampiric dagger (weapon)
Missiles
 t - a throwing net
Armour
 a - a +0 robe
 e - a +0 robe
 k - an orb of light (worn)
 y - a +0 robe (worn)
Jewellery
 p - an amulet of magic regeneration (around neck)
Scrolls
 i - a scroll of magic mapping {unknown}
 l - a scroll of noise
 m - 2 scrolls of brand weapon {unknown}
 o - 3 scrolls of identify {unknown}
 q - a scroll of amnesia {unknown}
 s - a scroll of enchant armour {unknown}
 u - a scroll of enchant weapon {unknown}
 v - a scroll of torment {unknown}
Potions
 b - 2 potions of magic
 c - a potion of cancellation {unknown}
 f - a potion of mutation {unknown}
 h - a potion of lignification {unknown}
 j - a potion of curing {unknown}
 r - a potion of resistance {unknown}
 w - a potion of berserk rage {unknown}
 x - a potion of attraction {unknown}


   Skills:
 * Level 1.2 Fighting
 * Level 0.9 Long Blades
 * Level 2.4 Armour
 * Level 2.6 Dodging
 + Level 2.2 Stealth
 * Level 2.9 Spellcasting
 * Level 3.5 Conjurations
 * Level 5.6 Air Magic


You had 4 spell levels left.
You knew the following spells:

 Your Spells              Type           Power      Damage    Failure   Level
a - Shock                 Conj/Air       76%        1d7       2%          1
b - Static Discharge      Conj/Air       19%        N/A       3%          2
c - Swiftness             Air            23%        N/A       4%          3

Your spell library contained the following spells:

 Spells                   Type           Power      Damage    Failure   Level
 Airstrike                Air            11%        N/A       16%         4


Dungeon Overview and Level Annotations

Branches:
Dungeon (4/15)             Temple (1/1) D:4

Altars:
Dithmenos
Fedhas
Okawaru
Qazlal
Vehumet

Shops:
D:2 (

Annotations:
D:4 Menkaure


Innate Abilities, Weirdness & Mutations

You have a beak for a mouth.
You have claws for feet.
Your magical nature lets you fly swiftly and evasively.


Message History

You now have 229 gold pieces (gained 19).
You see here a +0 scythe.
Found a stone staircase leading up.
Menkaure, Prince of Dust comes into view.
Menkaure shouts!
The zap hits Menkaure.
Menkaure is moderately damaged.
Menkaure mumbles some strange words.
Menkaure seems to speed up.
The zap misses Menkaure.
The zap hits Menkaure.
Menkaure is moderately damaged.
The zap hits Menkaure.
Menkaure is heavily damaged.
The zap misses Menkaure.
The zap hits Menkaure.
Menkaure is severely damaged.
You aren't carrying any items that you can evoke.
Casting: Shock (safe; 2% risk of failure)
Confirm with . or Enter, or press ? or * to list all spells.
You miscast Static Discharge.
You are very lightly contaminated with residual magic.
Nothing appears to happen.
Menkaure calls on the powers of darkness!
Your body is wracked with pain!
Casting: Static Discharge (safe; 3% risk of failure)
Confirm with . or Enter, or press ? or * to list all spells.
Menkaure is struck by an arc of lightning.
Menkaure is almost destroyed.
You are struck by an arc of lightning.
The lightning grounds out.
Menkaure closely misses you.
Menkaure calls on the powers of darkness!
Your body is wracked with pain!
* * * LOW HITPOINT WARNING * * *
Casting: Static Discharge (safe; 3% risk of failure)
Confirm with . or Enter, or press ? or * to list all spells.
You miscast Static Discharge.
Nothing appears to happen.
Menkaure gestures at you while chanting.
Pain shoots through your body!
You die...

.#..###.......#.......
.#..##.......##.......
##..#................ ..
.#.....#..###......##...
.......)..#.............
.##..§§....#............
.##.§§§.#.#.............
.##...§......##.##......
..........##....@M......
..##..##..#..##.........
.##....#..##...........#
.##...........#....<...#
###...........###..#....
##......... ###....
........ #.# ... ##


You could see Menkaure (fast).

Vanquished Creatures
  Sigmund (D:4)
  4 adders
  A worm (D:3)
  2 dart slugs (D:1)
  8 ball pythons
  3 bats
  6 endoplasms
  2 giant cockroaches (D:1)
  3 goblins (D:2)
  3 hobgoblins
  3 quokkas
  2 frilled lizards
  7 kobolds
  11 rats
56 creatures vanquished.

Vanquished Creatures (others)
  2 plants (D:4)
2 creatures vanquished.

Grand Total: 58 creatures vanquished

Notes
Turn   | Place    | Note
-------+----------+-------------------------------------------
     0 | D:1      | Zdeegee the Tengu Air Elementalist began the quest for the
                  | Orb.
     0 | D:1      | Reached XP level 1. HP: 10/10 MP: 4/4
   401 | D:1      | Reached XP level 2. HP: 9/15 MP: 1/6
   524 | D:1      | Learned a level 2 spell: Static Discharge
   920 | D:1      | Reached XP level 3. HP: 15/19 MP: 1/7
  1657 | D:2      | Reached skill level 1 in Armour
  1878 | D:2      | Learned a level 3 spell: Swiftness
  2027 | D:2      | Reached XP level 4. HP: 24/24 MP: 4/8
  2119 | D:2      | Found a faded altar of an unknown god.
  2258 | D:2      | Reached skill level 5 in Air Magic
  2353 | D:2      | Found Vioz Xie's Weapon Shoppe.
  3478 | D:4      | Found a staircase to the Ecumenical Temple.
  3483 | D:4      | Noticed Sigmund
  3494 | D:4      | Killed Sigmund
  3495 | D:4      | Reached skill level 1 in Fighting
  3495 | D:4      | Gained mutation: Your magical nature lets you fly swiftly
                  | and evasively. [Tengu growth]
  3495 | D:4      | Reached XP level 5. HP: 23/29 MP: 6/10
  3495 | D:4      | Reached XP level 6. HP: 26/34 MP: 6/11
  3520 | Temple   | Entered the Ecumenical Temple
  3603 | Temple   | Became a worshipper of Vehumet
  3629 | D:4      | Noticed Menkaure
  3638 | D:4      | Killed from afar by Menkaure

Illustrated notes

Levels and vault maps discovered:
D:1:      mrwooster_arrival_statue, layout_loops_cross, chequers_avenue
D:2:      layout_loops_corners, serial_shops, shop_statue,
          shapermc_ecumenical_altar_pompeii, hangedman_abyss_or_decor_stabs
D:3:      layout_basic, mrwooster_statue_mirror,
          nicolae_concentric_dashed_squares_mild, minivault_14,
          hangedman_decor_clover_reticule, chequers_arboretum, minmay_liquid_box
D:4:      cheibrodos_old_hovel, layout_cave_pools,
          nicolae_yredelemnul_ghost_church, minmay_temple_entry_purple_smoke,
          uniq_menkaure, uniq_sigmund
Temple:   mainiacjoe_temple_bowtie_tessellation

Skill      XL: |  1  2  3  4 |
---------------+-------------+-----
Armour         | 1 2 |  2.4
Conjurations   | 2 3 |  3.5
Air Magic      | 5 |  5.6
Fighting       | 1 |  1.2
Long Blades    | |  0.9
Dodging        | |  2.6
Stealth        | |  2.2
Spellcasting   | |  2.9

Action                   |  1- 3 |  4- 6 || total
-------------------------+-------+-------++-------
Melee: Unarmed           |     9 |       ||     9
       Kick              |     6 |       ||     6
       Peck              |     2 |       ||     2
       Short sword       |     4 |       ||     4
Throw: Throwing net      |       |     2 ||     2
 Cast: Shock             |    74 |    43 ||   117
       Static Discharge  |     2 |     1 ||     3
  Use: Scroll            |       |     2 ||     2
Armor: Robe              |     2 |     1 ||     3
Dodge: Dodged            |    17 |     2 ||    19

Table legend: (Time is in decaauts)
 A = Elapsed time spent in this place.
 B = Non-inter-level travel time spent in this place.
 C = Inter-level travel time spent in this place.
 D = Time resting spent in this place.
 E = Time spent auto-exploring this place.
 F = Levels seen in this place.
 G = Mean time per level.
                   A        B        C        D        E       F      G
               +--------+--------+--------+--------+--------+-----+--------+
         Total |   3629 |   3503 |    126 |    120 |   2979 |   5 |  725.8 |
       Dungeon |   3540 |   3422 |    118 |    120 |   2914 |   4 |  885.0 |
        Temple |     88 |     80 |      8 |      0 |     64 |   1 |   88.0 |
               +--------+--------+--------+--------+--------+-----+--------+

Top non-repeatable levels by time:
     D:1: 1331 daAuts
     D:2: 1284 daAuts
     D:3: 766 daAuts
     D:4: 158 daAuts
  Temple: 88 daAuts
